 Dungeon Crawl Stone Soup version 0.17-a0-1311-gbcbd859 (webtiles) character file.

7859 onwiheg the Carver (level 11, -2/87 HPs)
             Began as a Formicid Fighter on June 8, 2015.
             Was an Elder of Trog.
             Slain by a raven (4 damage)
             ... led by a tengu warrior
             ... on level 11 of the Dungeon.
             The game lasted 00:48:43 (10769 turns).

onwiheg the Carver (Formicid Fighter)              Turns: 10769, Time: 00:48:43

Health: -2/87      AC: 11    Str: 24    XL:     11   Next: 45%
Magic:  11/11      EV:  9    Int:  8    God:    Trog [****..]
Gold:   436        SH: 13    Dex: 12    Spells: 0 memorised, 10 levels left

rFire  . . .     SeeInvis +     g - +2 falchion (holy)
rCold  . . .     Clarity  .     b - +0 scale mail
rNeg   . . .     SustAt   .     c - +0 shield
rPois  .         Gourm    .     (helmet unavailable)
rElec  .         Spirit   .     f - +0 cloak
rCorr  .         Warding  .     (no gloves)
rMut   .         Stasis   +     (no boots)
MR     ++...                    (no amulet)
Stlth  ..........               (no ring)
                                o - +3 ring of protection

@: very resistant to hostile enchantments, extremely unstealthy
A: permanent stasis, dig shafts and tunnels, four strong arms, antennae 3, agile
1, magic resistance 1, sense surroundings 1
a: Dig, Shaft Self, Burn Spellbooks, Trog's Hand, Brothers in Arms, Renounce
Religion


You were on level 11 of the Dungeon.
You worshipped Trog.
Trog was greatly pleased with you.
You were hungry.

You visited 1 branch of the dungeon, and saw 13 of its levels.

You collected 436 gold pieces.

Inventory:

Hand weapons
 a - a +0 long sword
 g - a +2 falchion of holy wrath (weapon)
Armour
 b - a +0 scale mail (worn)
 c - a +0 shield (worn)
 f - a +0 cloak (worn)
 F - a cursed +0 ring mail
 I - a +0 plate armour
Jewellery
 o - a +3 ring of protection (left hand)
 O - an uncursed ring of stealth {unknown}
Magical devices
 d - a wand of frost (24)
 A - a wand of confusion (12)
 D - a wand of digging (14)
 G - a wand of polymorph (15)
 S - a wand of paralysis (10)
Scrolls
 i - 3 scrolls of recharging {unknown}
 j - 6 scrolls of remove curse {unknown}
 l - a scroll of fear {unknown}
 m - 9 scrolls of identify {unknown}
 r - 3 scrolls of teleportation {unknown}
 t - 2 scrolls of enchant armour {unknown}
 u - 2 scrolls of magic mapping {unknown}
 w - 2 scrolls of noise {unknown}
 y - 3 scrolls of amnesia {unknown}
 C - 2 scrolls of random uselessness {unknown}
 E - a scroll of blinking {unknown}
 J - a scroll of vulnerability {unknown}
 K - a scroll of fog {unknown}
 L - 2 scrolls of enchant weapon {unknown}
 R - a scroll of brand weapon {unknown}
 T - a scroll of summoning {unknown}
Potions
 h - 2 potions of lignification {unknown}
 n - a potion of mutation
 p - a potion of brilliance {unknown}
 x - a potion of invisibility {unknown}
 z - 2 potions of degeneration {unknown}
 B - a potion of magic {unknown}
 H - 3 potions of ambrosia {unknown}
 N - a potion of flight {unknown}
 P - a potion of curing
 Q - a potion of berserk rage {unknown}
Comestibles
 e - 9 bread rations
 k - 5 slices of pizza
 q - 11 royal jellies
 s - 5 beef jerkies
 v - 8 fruits
 M - 2 meat rations


   Skills:
 + Level 8.4 Fighting
 - Level 12.0 Long Blades
 - Level 3.2 Armour
 - Level 12.0 Shields


You had 10 spell levels left.
You didn't know any spells.

Dungeon Overview and Level Annotations

Branches:
Dungeon (13/15)            Temple (0/1) D:7             Orc (0/4) D:9
   Lair: D:8-11      Vaults: D:13-14

Altars:
Cheibriados
Nemelex Xobeh
Trog
Yredelemnul

Shops:
D:5 }   D:9 :

Annotations:
D:10 Josephine


Innate Abilities, Weirdness & Mutations

You are under a permanent stasis effect.
You can dig through walls and to a lower floor.
Your four strong arms can wield two-handed weapons with a shield.
You have a pair of large antennae on your head (SInv).
You are agile. (Dex +2)
You are resistant to hostile enchantments.
You passively map a small area around you.


Message History

The raven completely misses you. The raven barely misses you.
You block the raven's attack. The raven barely misses you.
You block the raven's attack. The raven claws you.
* * * LOW HITPOINT WARNING * * *
You open the door. The raven pecks you.
* * * LOW HITPOINT WARNING * * *
You block the raven's attack. The raven pecks you but does no damage.
The raven closely misses you. The raven pecks you but does no damage.
The raven claws you but does no damage. You block the raven's attack.
The raven claws you but does no damage.
The killer bee stings you but does no damage.
The jelly closely misses you.
Found a stone staircase leading down.
Use which ability? (? or * to list) Are you sure you want to shaft yourself?
You are feeling hungry.
The killer bee buzzes angrily. x2
You hear an angry buzzing noise.
The killer bee barely misses you. The raven pecks you.
You die...

*,
#######+###
, *
#..>......#
+.........#
,
*#.........#
#...Q.....#
, ,
#..QoO.)..#
*,
#..Jbb....#
#...@.....#
*
####y######
#yy, ..#####
. * ####
..yyy#####.
+ * *+
#%yy#{#...
,,#%yy#y#>..
* ,
,#{.{#y#...
,, ,
####y....? ,
*{####...


You could see 2 tengu warriors, 2 ravens, an orc warrior, an ogre, a jelly and 3
killer bees.

Vanquished Creatures
  Erolcha (D:8)
  Pikel (D:5)
  A moth of wrath (D:5)
  A freezing wraith (D:12)
  2 wraiths
  A shadow (D:12)
  A hippogriff (D:9)
  6 yaks (D:12)
  A soldier ant (D:8)
  The ghost of Medar the Conjurer, an average OpWz of Ashenzari (D:3)
  Duvessa (D:5)
  A water moccasin (D:8)
  An ice beast (D:9)
  2 sky beasts
  4 slaves (D:5)
  A wasp (D:8)
  6 ogres
  A black bear (D:7)
  2 spiders (D:8)
  A necrophage (D:7)
  3 phantoms
  5 centaurs
  5 giant frogs
  Dowan (D:5)
  A scorpion (D:8)
  A water moccasin skeleton (D:6)
  6 killer bees
  7 crimson imps
  5 orc wizards
  A quasit (D:8)
  A jelly (D:7)
  A centaur zombie (D:6)
  3 giant frog skeletons
  5 orc priests
  6 hounds
  Crazy Yiuf (D:6)
  2 iguanas
  2 centaur skeletons
  8 worker ants
  A hound zombie (D:6)
  2 hound skeletons
  A worker ant zombie (D:6)
  17 adders
  12 gnolls
  3 shadow imps
  A white imp (D:12)
  2 oozes (D:2)
  2 adder skeletons
  4 worms
  4 giant geckos
  23 orcs
  A ball python (D:2)
  2 bat skeletons
  16 goblins
  14 hobgoblins
  3 jackals (D:8)
  5 quokkas
  16 bats
  6 giant cockroaches
  5 giant newts
  A jackal skeleton (D:6)
  13 kobolds
  15 rats
269 creatures vanquished.

Vanquished Creatures (others)
  A bat (D:5)
  A giant cockroach (D:5)
  A quokka (D:5)
  2 plants (D:10)
5 creatures vanquished.

Grand Total: 274 creatures vanquished

Notes
Turn   | Place    | Note
--------------------------------------------------------------
     0 | D:1      | onwiheg the Formicid Fighter began the quest for the Orb.
     0 | D:1      | Reached XP level 1. HP: 18/18 MP: 1/1
    75 | D:1      | Reached XP level 2. HP: 17/24 MP: 2/2
   574 | D:2      | Reached XP level 3. HP: 22/29 MP: 3/3
   906 | D:2      | Found a sparkling altar of Nemelex Xobeh.
   923 | D:2      | Reached skill level 4 in Long Blades
   923 | D:2      | Reached XP level 4. HP: 15/35 MP: 4/4
  1801 | D:3      | Gained mutation: You are resistant to hostile enchantments. [potion of mutation]
  1801 | D:3      | Gained mutation: You passively map a small area around you. [potion of mutation]
  1801 | D:3      | Gained mutation: You are agile. (Dex +2) [potion of mutation]
  1823 | D:3      | Reached skill level 5 in Shields
  1823 | D:3      | Reached XP level 5. HP: 24/41 MP: 5/5
  1871 | D:3      | HP: 2/41 [orc wizard/puff of flame (4)]
  1982 | D:3      | Noticed Medar's ghost (average OpWz)
  2533 | D:3      | Reached skill level 6 in Shields
  2780 | D:2      | Reached XP level 6. HP: 47/47 MP: 6/6
  3195 | D:4      | Found a basalt altar of Yredelemnul.
  3217 | D:4      | Reached skill level 5 in Long Blades
  3426 | D:5      | Entered Level 5 of the Dungeon
  3503 | D:5      | Reached XP level 7. HP: 40/52 MP: 7/7
  3515 | D:5      | Noticed Pikel
  3515 | D:5      | Noticed a slave
  3515 | D:5      | Noticed a slave
  3515 | D:5      | Noticed a slave
  3516 | D:5      | Noticed a slave
  3535 | D:5      | Killed Pikel
  3535 | D:5      | Reached skill level 7 in Long Blades
  3535 | D:5      | Reached XP level 8. HP: 30/58 MP: 8/8
  3542 | D:5      | Killed a freed slave
  3551 | D:5      | Reached skill level 8 in Long Blades
  3562 | D:5      | Killed a freed slave
  3732 | D:5      | Killed a freed slave
  3748 | D:5      | Found a bloodstained altar of Trog.
  3748 | D:5      | Noticed a moth of wrath
  3831 | D:5      | Became a worshipper of Trog the Wrathful
  3841 | D:5      | Killed a moth of wrath
  3841 | D:5      | Reached skill level 9 in Long Blades
  4076 | D:5      | Reached XP level 9. HP: 61/64 MP: 9/9
  4139 | D:5      | Noticed Duvessa
  4139 | D:5      | Noticed Dowan
  4159 | D:5      | Killed Dowan
  4159 | D:5      | Reached skill level 10 in Long Blades
  4177 | D:5      | Killed Duvessa
  4315 | D:5      | Found Qekhofaabb's Gadget Shop.
  4879 | D:5      | Acquired Trog's first power
  5012 | D:5      | Killed a freed slave
  5194 | D:3      | Reached skill level 11 in Long Blades
  5287 | D:3      | Killed Medar's ghost
  5756 | D:6      | Acquired Trog's second power
  5773 | D:6      | Noticed Crazy Yiuf
  5777 | D:6      | Killed Crazy Yiuf
  5870 | D:6      | Reached skill level 12 in Long Blades
  6081 | D:6      | Reached XP level 10. HP: 68/70 MP: 10/10
  7053 | D:7      | Reached skill level 10 in Shields
  7153 | D:7      | Found a staircase to the Ecumenical Temple.
  7328 | D:8      | Noticed Erolcha
  7362 | D:8      | Killed Erolcha
  8574 | D:8      | Reached XP level 11. HP: 66/75 MP: 11/11
  8904 | D:9      | Found a staircase to the Orcish Mines.
  8963 | D:9      | Found Zoeha's Book Shoppe.
  9042 | D:9      | Reached skill level 5 in Fighting
  9067 | D:9      | Acquired Trog's third power
  9161 | D:9      | Found a snail-covered altar of Cheibriados.
  9438 | D:10     | Entered Level 10 of the Dungeon
  9438 | D:10     | Noticed a hill giant
  9469 | D:10     | Noticed Josephine
  9523 | D:10     | You fall through a shaft!
  9546 | D:11     | You fall through a shaft for 2 floors!
 10766 | D:11     | Noticed a tengu warrior
 10766 | D:11     | Noticed a tengu warrior
 10768 | D:11     | HP: 2/87 [raven[a tengu warrior] (6)]
 10769 | D:11     | Slain by a raven

Vault maps used:
D:1:      dpeg_arrival_erosion
D:2:      nemelex_lonely_heart_becter
D:3:      first_bread
D:4:      yredelemnul_altar_generic
D:5:      tgw_trog, serial_shops, shop, uniq_pikel, uniq_duvessa
D:6:      uniq_crazy_yiuf_cottage
D:7:      minmay_temple_entry_junction
D:8:      hangedman_pestilent_swarm, uniq_erolcha
D:9:      cheibrodos_worm_habitat, orc_0_dummy, serial_shops,
          nicolae_shop_stone, st_stairs_1
D:10:     minmay_lair_entry_grove, uniq_josephine
D:11:     special_room, disabler_island
D:12:     cross_vault, serial_ice, serial_ice_d, serial_ice_j, serial_ice_n,
          serial_ice_e, serial_ice_b, serial_ice_o, serial_ice_f, serial_ice_g,
          serial_ice_h, serial_ice_c, hangedman_decor_diamond_cutter
D:13:     erik_vaults_2, xom_redecorated

Action                   |  1- 3 |  4- 6 |  7- 9 | 10-12 || total
-------------------------+-------+-------+-------+-------++-------
Melee: Long sword        |   123 |   281 |   437 |   338 ||  1179
       Falchion          |       |       |       |   350 ||   350
Invok: Burn Spellbooks   |       |       |       |     1 ||     1
       Trog's Hand       |       |       |       |     1 ||     1
 Abil: Dig               |     5 |    11 |    18 |    22 ||    56
       Shaft Self        |       |       |       |     3 ||     3
Evoke: Wand              |       |       |       |     3 ||     3
  Use: Potion            |       |     4 |     2 |     5 ||    11
  Eat: Chunk             |     1 |     9 |    11 |    18 ||    39
       Fruit             |       |     1 |       |     1 ||     2
